 Dungeon Crawl Stone Soup version 0.27-a0-412-g8dd771eca2 (webtiles) character file.

Game seed: 13807495459211032187

240 wakim the Insei (level 6, -1/41 HPs)
             Began as an Octopode Transmuter on Feb 23, 2021.
             Slain by Grinder (3 damage)
             ... while paralysed by Grinder
             ... on level 4 of the Dungeon.
             The game lasted 00:09:58 (3053 turns).

wakim the Insei (Octopode Transmuter)               Turns: 3053, Time: 00:09:58

Health: -1/41      AC:  2    Str: 10    XL:     6   Next: 8%
Magic:  8/10       EV:  5    Int: 17    God:
Gold:   137        SH:  0    Dex: 17    Spells: 6/10 levels left

rFire    . . .     SeeInvis .     - Unarmed
rCold    . . .     Faith    .   (shield currently unavailable)
rNeg     . . .     Spirit   .   (helmet currently unavailable)
rPois    x         Reflect  .   f - amulet of regeneration
rElec    .         Harm     .   (no ring)
rCorr    .         Rampage  .   (no ring)
Will     .....                  (no ring)
Stlth    ++........             (no ring)
HPRegen  1.13/turn              (no ring)
MPRegen  0.12/turn              (no ring)
                                (no ring)
                                (no ring)

@: paralysed, spider-form (expiring)
A: tiny, almost no armour, stealthy swim, (amphibious), 8 rings, (constrict 8)
a: End Transformation


You were on level 4 of the Dungeon.
You were a venomous arachnid creature.
You visited 1 branch of the dungeon, and saw 4 of its levels.

You collected 137 gold pieces.

Inventory:

Hand Weapons
 d - a +1 short sword of venom (melded)
Jewellery
 f - an amulet of regeneration (around neck)
Scrolls
 c - 2 scrolls of magic mapping {unknown}
 g - a scroll of fog {unknown}
 h - 5 scrolls of identify {unknown}
 l - a scroll of immolation {unknown}
 o - a scroll of random uselessness {unknown}
Potions
 a - a potion of attraction {unknown}
 b - 2 potions of curing {unknown}
 e - a potion of might {unknown}
 i - a potion of cancellation {unknown}
 j - a potion of mutation {unknown}
 k - a potion of heal wounds {unknown}
 m - a potion of degeneration {unknown}
 n - 2 potions of lignification {unknown}


   Skills:
 * Level 2.8 Fighting
 + Level 2.8 Dodging
 + Level 2.2 Stealth
 + Level 3.7 Unarmed Combat
 + Level 2.6 Spellcasting
 * Level 3.5 Transmutations


You had 6 spell levels left.
You knew the following spells:

 Your Spells              Type           Power        Failure   Level
a - Beastly Appendage     Tmut           28%          13%         1
b - Spider Form           Tmut/Pois      4%           47%         3

Your spell library contained the following spells:

 Spells                   Type           Power        Failure   Level
 Wereblood                Tmut           14%          17%         2
 Ice Form                 Ice/Tmut       8%           83%         4
 Blade Hands              Tmut           7%           89%         5


Dungeon Overview and Level Annotations

Branches:
Dungeon (4/15)
 Temple: D:4-7

Altars:
Ashenzari
Okawaru
Vehumet
Xom
The Shining One

Annotations:
D:4 Grinder, Menkaure


Innate Abilities, Weirdness & Mutations

You cannot wear most types of armour.
You are very stealthy in the water. (Stealth+)
((You are amphibious.))
You can wear up to eight rings at the same time.
((You can use your tentacles to constrict eight enemies at once.))
((Your skin changes colour to match your surroundings (Stealth+).))
((Your rubbery body absorbs attacks. (AC +1, EV +1)))


Message History

You start resting.
A giant cockroach comes into view.
You start resting.
Magic restored.
Your magical contamination has completely faded away.
Casting: Spider Form (quite dangerous; 26% risk of failure)
Confirm with . or Enter, or press ? or * to list all spells.
The spell is quite dangerous to cast (26% risk of failure)!
Continue anyway?
You turn into a venomous arachnid creature.
Your +1 short sword of venom melds into your body.
Your +1 short sword of venom stops dripping with poison.
Really crawl into a travel-excluded area?
Your transformation is almost over.
Grinder shouts!
The giant cockroach barely misses you.
Found a coral ring.
You hit Grinder.
Grinder is lightly wounded.
Grinder gestures at you.
You suddenly lose the ability to move!
The giant cockroach bites you but does no damage.
The giant cockroach bites you. Grinder hits you.
You writhe in agony.
The giant cockroach bites you. Grinder hits you!
You writhe in agony.
The giant cockroach bites you. Grinder hits you!
* * * LOW HITPOINT WARNING * * *
The giant cockroach completely misses you.
Grinder hits you.
* * * LOW HITPOINT WARNING * * *
You writhe in agony.
* * * LOW HITPOINT WARNING * * *
The giant cockroach bites you but does no damage.
Grinder hits you but does no damage. The giant cockroach bites you.
* * * LOW HITPOINT WARNING * * *
The giant cockroach bites you.
* * * LOW HITPOINT WARNING * * *
Grinder hits you.
* * * LOW HITPOINT WARNING * * *
You writhe in agony.
You die...

#.# #.#
######.#
##
#......#
=#
#.######
# ###.#
#.#
#.#...
#.#
#..B5#
#.#
#s####.##
#.......#
#########


You could see Grinder and a giant cockroach.

Vanquished Creatures
  A scorpion (D:4)
  A worker ant (D:3)
  5 gnolls
  3 adders
  An ooze (D:3)
  An adder skeleton (D:2)
  A worm (D:3)
  A leopard gecko (D:2)
  4 orcs (D:3)
  A ball python (D:4)
  9 bats
  5 giant cockroaches
  10 goblins
  12 hobgoblins
  3 jackals (D:3)
  7 kobolds
  A quokka (D:3)
  2 frilled lizards
  8 rats
76 creatures vanquished.

Vanquished Creatures (others)
  A bat (D:2)
1 creature vanquished.

Grand Total: 77 creatures vanquished

Notes
Turn   | Place    | Note
-------+----------+-------------------------------------------
     0 | D:1      | wakim the Octopode Transmuter began the quest for the Orb.
     0 | D:1      | Reached XP level 1. HP: 13/13 MP: 3/3
   491 | D:1      | Reached XP level 2. HP: 13/18 MP: 3/5
  1198 | D:2      | Reached XP level 3. HP: 23/23 MP: 6/6
  1256 | D:2      | Found a broken altar of Ashenzari.
  1358 | D:2      | Found an iron altar of Okawaru.
  1372 | D:2      | Reached skill level 1 in Stealth
  1423 | D:2      | Reached XP level 4. HP: 28/29 MP: 5/7
  1490 | D:2      | Found a radiant altar of Vehumet.
  1832 | D:3      | Reached XP level 5. HP: 33/34 MP: 6/8
  1968 | D:2      | Learned a level 3 spell: Spider Form
  2161 | D:3      | Found a glowing golden altar of the Shining One.
  2619 | D:4      | Noticed Grinder
  2805 | D:4      | Found a shimmering altar of Xom.
  2807 | D:4      | Noticed Menkaure
  2904 | D:3      | Reached XP level 6. HP: 27/41 MP: 5/9
  3047 | D:4      | Paralysed by Grinder for 6 turns
  3053 | D:4      | HP: 2/41 [Grinder (3)]
  3053 | D:4      | Slain by Grinder

Illustrated notes

Levels and vault maps discovered:
D:1:      psy_arrival_spokes, layout_basic
D:2:      layout_rooms, nicolae_overflow_crystal_walls,
          okawaru_altar_gauntlet_db, fiery_altar_vehumet,
          minmay_misc_feat_nine_boxes
D:3:      layout_loops_ring, tso_metal_star
D:4:      layout_basic, xom_butterflies, uniq_grinder, uniq_menkaure

Skill      XL: |  1  2  3  4  5 |
---------------+----------------+-----
Stealth        | 1 2 |  2.2
Fighting       | 2 |  2.8
Transmutations | 3 |  3.5
Dodging        | |  2.8
Unarmed Combat | |  3.7
Spellcasting   | |  2.6

Action                   |  1- 3 |  4- 6 || total
-------------------------+-------+-------++-------
Melee: Unarmed           |    20 |     6 ||    26
       Constrict         |    20 |    22 ||    42
       Kick              |     5 |     7 ||    12
       Tentacles         |    18 |    14 ||    32
       Short sword       |    46 |    70 ||   116
       Punch             |     1 |     1 ||     2
 Cast: Beastly Appendage |     5 |    15 ||    20
       Spider Form       |       |     2 ||     2
 Stab: Sleeping          |     4 |     7 ||    11
Armor: Skin              |     8 |     7 ||    15
Dodge: Dodged            |    38 |    46 ||    84

Table legend: (Time is in decaauts)
 A = Elapsed time spent in this place.
 B = Non-inter-level travel time spent in this place.
 C = Inter-level travel time spent in this place.
 D = Time resting spent in this place.
 E = Time spent auto-exploring this place.
 F = Levels seen in this place.
 G = Mean time per level.
                   A        B        C        D        E       F      G
               +--------+--------+--------+--------+--------+-----+--------+
         Total |   3066 |   2828 |    238 |    614 |   1533 |   4 |  766.5 |
       Dungeon |   3066 |   2828 |    238 |    614 |   1533 |   4 |  766.5 |
               +--------+--------+--------+--------+--------+-----+--------+

Top non-repeatable levels by time:
     D:1: 1168 daAuts
     D:3: 1047 daAuts
     D:2: 571 daAuts
     D:4: 279 daAuts
